 Dungeon Crawl Stone Soup version 0.24-a0-250-g6074511 (webtiles) character file.

Game seed: 17143850796137551926

3031 Hylith the Fighter (level 9, -3/97 HPs)
             Began as an Ogre Wizard on Apr 14, 2019.
             Was a Believer of Sif Muna.
             Slain by a hippogriff (6 damage)
             ... on level 8 of the Dungeon.
             The game lasted 00:56:50 (11709 turns).

Hylith the Fighter (Ogre Wizard)                   Turns: 11709, Time: 00:56:51

Health: -3/97      AC:  5    Str: 14    XL:     9   Next: 86%
Magic:  10/21      EV:  1    Int: 21    God:    Sif Muna [**....]
Gold:   344        SH:  0    Dex: -2 (7) Spells: 16/24 levels left

rFire    . . .     SeeInvis .   b - +0 glaive
rCold    . . .     Gourm    .   (shield currently unavailable)
rNeg     . . .     Faith    .   u - +2 robe {MR+}
rPois    .         Spirit   .   r - +0 hat
rElec    .         Reflect  +   (no cloak)
rCorr    .         Harm     .   (gloves unavailable)
MR       +....                  (boots unavailable)
Stlth    ..........             g - +4 amulet of reflection
HPRegen  0.26/turn              (no ring)
MPRegen  0.17/turn              (no ring)

@: slowed, lost dexterity, very slow
A: large, unfitting armour, tough skin 1
a: Divine Energy, Renounce Religion


You were on level 8 of the Dungeon.
You worshipped Sif Muna.
Sif Muna was pleased with you.
You were not hungry.

You visited 2 branches of the dungeon, and saw 9 of its levels.

You collected 456 gold pieces.
You spent 112 gold pieces at shops.

Inventory:

Hand Weapons
 a - a +0 broad axe
 b - a +0 glaive (weapon)
 x - a +0 giant spiked club
Missiles
 c - 215 stones (quivered)
Armour
 r - a +0 hat (worn)
 u - a +2 robe of magic resistance (worn)
 v - a +2 robe of cold resistance
Magical Staves
 l - an uncursed staff of energy
Jewellery
 g - a +4 amulet of reflection (around neck)
Wands
 o - a wand of paralysis (19)
 A - a wand of random effects (21)
 B - a wand of acid (9)
Scrolls
 e - 3 scrolls of enchant armour
 h - 4 scrolls of identify
 i - 5 scrolls of remove curse
 k - a scroll of silence {unknown}
 m - a scroll of blinking {unknown}
 p - a scroll of amnesia
 s - a scroll of enchant weapon
 t - a scroll of teleportation
 w - a scroll of immolation {unknown}
 y - a scroll of magic mapping
 z - a scroll of vulnerability {unknown}
Potions
 f - 3 potions of brilliance
 j - 2 potions of might
 n - a potion of curing
 q - 2 potions of haste
Comestibles
 d - 9 rations


   Skills:
 + Level 8.3 Fighting
 + Level 5.1 Axes
 - Level 2.0 Dodging
 - Level 2.0 Stealth
 + Level 8.0 Spellcasting
 + Level 5.4 Conjurations
 - Level 2.0 Summonings
 - Level 2.0 Translocations
 + Level 0.5 Invocations
 + Level 3.1 Evocations


You had 16 spell levels left.
You knew the following spells:

 Your Spells              Type           Power        Failure   Level  Hunger
a - Magic Dart            Conj           ####         1%          1    None
b - Blink                 Tloc           N/A          5%          2    None
c - Call Imp              Summ           ###.....     5%          2    None
d - Conjure Flame         Conj/Fire      ###.....     8%          3    None

Your spell library contained the following spells:

 Spells                   Type           Power        Failure   Level  Hunger
 Slow                     Hex            #.......     12%         2    None
 Mephitic Cloud           Conj/Pois/Air  ###.....     12%         3    None


Dungeon Overview and Level Annotations

Branches:
Dungeon (8/15)             Temple (1/1) D:7
   Lair: D:8-11

Altars:
Ashenzari
Fedhas
Nemelex Xobeh
Sif Muna
Uskayaw
Wu Jian
Xom
Yredelemnul
Zin

Shops:
D:6 ?**   D:7 }[

Annotations:
D:7 1 runed translucent door, Crazy Yiuf


Innate Abilities, Weirdness & Mutations

You are too large for most types of armour.
You have tough skin. (AC +1)


Message History

The hippogriff pecks you but does no damage.
The hippogriff claws you.
* * * LOW HITPOINT WARNING * * *
The hippogriff bites you.
* * * LOW HITPOINT WARNING * * *
The hippogriff pecks you!
* * * LOW HITPOINT WARNING * * *
The hippogriff claws you but does no damage.
Unknown command.
You swap places.
Your shadow imp hits the hippogriff.
The hippogriff bites your shadow imp!
The hippogriff barely misses your shadow imp.
The hippogriff claws your shadow imp.
Your shadow imp dies!
Aiming: Paralyse
Press: ? - help, Shift-Dir - straight line, f - hippogriff
Aim: a hippogriff (lightly wounded, chance to defeat MR: 50%)
The hippogriff resists with significant effort.
The hippogriff bites you.
You die...

.#.###..(.#...#.#......#.##..#
.#......#.##..#.########.##..#
.#......#.....#.#........##..#
.#5.....###...#.#.#########..#
##..H...# #...#<#.#..........#
##h.....# #...###.#.#######.##
.5......# #...H...#.# #.#
###########..######.# #.#
#.....H@...# #.#
############## #.#
#...........# #.#
###########.# #.# #.# #.# #.#
#.# #.# #.# #.# #.# #.# #.#


You could see a hippogriff.

Vanquished Creatures
  Grinder (D:6)
  3 slaves
  An ice beast (D:5)
  A necrophage (D:6)
  2 phantoms
  4 ogres
  3 centaurs
  A water moccasin zombie (D:3)
  A scorpion (D:4)
  A wight (D:8)
  2 crimson imps (D:6)
  4 hounds
  A jelly (D:8)
  An orc priest (D:7)
  4 orc wizards
  2 iguanas (D:7)
  5 worker ants
  A hound zombie (D:6)
  12 gnolls
  9 adders
  A shadow imp (D:6)
  An adder zombie (D:8)
  3 adder skeletons (D:4)
  2 worms (D:3)
  3 dart slugs
  3 leopard geckos
  12 orcs
  3 ball pythons
  5 bats
  8 giant cockroaches
  7 goblins
  11 hobgoblins
  13 jackals
  13 kobolds
  5 quokkas
  10 frilled lizards
  A jackal skeleton (D:4)
  3 rats
163 creatures vanquished.

Vanquished Creatures (collateral kills)
  Pikel (D:4)
  A water moccasin (D:7)
  An orc warrior (D:7)
  A phantom (D:4)
  A slave (D:4)
  An ogre (D:6)
  A big kobold (D:7)
  A wyvern skeleton (D:7)
  A water moccasin zombie (D:6)
  3 killer bees (D:7)
  A howler monkey (D:7)
  A quasit (D:7)
  A bullfrog zombie (D:5)
  4 hounds
  An orc priest (D:4)
  An orc wizard (D:4)
  Jessica (D:2)
  An iguana (D:5)
  2 worker ants (D:6)
  2 gnolls (D:4)
  3 adders
  An adder zombie (D:6)
  A leopard gecko (D:5)
  7 orcs
  A ball python (D:2)
  2 hobgoblins (D:2)
  2 jackals (D:1)
  3 kobolds
  A quokka (D:7)
  A leopard gecko zombie (D:6)
49 creatures vanquished.

Vanquished Creatures (others)
  A centaur (D:6)
1 creature vanquished.

Grand Total: 213 creatures vanquished

Notes
Turn   | Place    | Note
-------+----------+-------------------------------------------
     0 | D:1      | Hylith the Ogre Wizard began the quest for the Orb.
     0 | D:1      | Reached XP level 1. HP: 16/16 MP: 5/5
   105 | D:1      | Reached skill level 1 in Conjurations
   242 | D:1      | Reached XP level 2. HP: 26/26 MP: 2/6
   537 | D:1      | Reached skill level 1 in Fighting
   681 | D:1      | Learned a level 2 spell: Blink
   684 | D:1      | Learned a level 2 spell: Call Imp
  1016 | D:1      | Reached XP level 3. HP: 32/33 MP: 2/8
  1378 | D:1      | Learned a level 3 spell: Conjure Flame
  1741 | D:2      | Noticed Jessica
  1749 | D:1      | Reached skill level 1 in Summonings
  1834 | D:2      | Reached skill level 1 in Translocations
  1849 | D:2      | Killed Jessica
  1877 | D:2      | Reached XP level 4. HP: 42/42 MP: 2/10
  2114 | D:2      | Found a glowing silver altar of Zin.
  2693 | D:2      | Reached XP level 5. HP: 24/53 MP: 1/11
  3450 | D:3      | Reached skill level 5 in Spellcasting
  3457 | D:3      | Found a sparkling altar of Nemelex Xobeh.
  3619 | D:3      | Reached XP level 6. HP: 62/62 MP: 7/13
  4013 | D:3      | Found a shattered altar of Ashenzari.
  4654 | D:4      | Reached skill level 1 in Axes
  4759 | D:4      | Reached skill level 5 in Fighting
  4759 | D:4      | Reached XP level 7. HP: 43/72 MP: 0/15
  5712 | D:4      | Noticed Pikel
  6388 | D:4      | Killed Pikel
  6388 | D:4      | Reached XP level 8. HP: 75/83 MP: 5/17
  6494 | D:5      | Entered Level 5 of the Dungeon
  6709 | D:5      | Found a deep blue altar of Sif Muna.
  6712 | D:5      | Became a worshipper of Sif Muna the Loreminder
  6995 | D:5      | Reached skill level 1 in Evocations
  7575 | D:6      | Found a basalt altar of Yredelemnul.
  8026 | D:6      | Found Zimo's Assorted Antiques.
  8150 | D:6      | Reached XP level 9. HP: 83/92 MP: 11/19
  8350 | D:6      | Found Voeq Bimm's Assorted Antiques.
  8389 | D:6      | Reached * piety under Sif Muna
  8579 | D:6      | Found a hide-covered altar of Uskayaw.
  8742 | D:6      | Noticed Grinder
  8742 | D:6      | Paralysed by Grinder for 2 turns
  8762 | D:6      | Killed Grinder
  8955 | D:6      | Found Qouck's Magic Scroll Shop.
  8965 | D:6      | Bought a scroll of identify for 28 gold pieces
  8965 | D:6      | Bought a scroll of identify for 28 gold pieces
  8965 | D:6      | Bought a scroll of remove curse for 42 gold pieces
  8965 | D:6      | Bought a scroll of random uselessness for 14 gold pieces
  8980 | D:6      | Found a shimmering altar of Xom.
  9095 | D:7      | Found Uhosuy's Armour Shop.
  9197 | D:7      | Found a blossoming altar of Fedhas.
  9431 | D:7      | Found a staircase to the Ecumenical Temple.
  9456 | D:7      | Reached skill level 5 in Conjurations
  9491 | Temple   | Entered the Ecumenical Temple
  9507 | D:7      | Lost dexterity.
  9870 | D:7      | Found Laemuck's Gadget Shop.
 10234 | D:7      | Found an ornate altar of the Wu Jian Council.
 10697 | D:7      | Reached skill level 5 in Axes
 10906 | D:7      | Found a runed translucent door.
 10907 | D:7      | Noticed Crazy Yiuf
 11360 | D:8      | Reached ** piety under Sif Muna
 11707 | D:8      | HP: 2/97 [hippogriff (8)]
 11709 | D:8      | Slain by a hippogriff

Levels and vault maps discovered:
D:1:      zaba_arrival_water, layout_loops_ring, serial_co_window_serial,
          co_window_of_opportunity_a, co_window_of_opportunity_a,
          co_window_corner_a, co_window_paths_a, co_window_paths_b,
          co_window_corner_b, co_window_broadway_a, co_window_corner_b,
          co_window_broadway_c, minivault_14, minmay_pentomino_p4
D:2:      minmay_chambers_of_ones, layout_basic, lemuel_doored_altar,
          uniq_jessica
D:3:      layout_loops_ring, old_standard_altar,
          nemelex_xobeh_ov_fountains_minmay
D:4:      layout_loops_ring, uniq_pikel
D:5:      layout_cave_pools, lemuel_blue_sif_altar, first_ration
D:6:      layout_cave_pools, kennysheep_little_box,
          nicolae_overflow_hidden_temple, lemuel_coloured_pillars_altar,
          serial_shops, shop, kennysheep_mini_moat, nicolae_shop_crystal,
          uniq_grinder
D:7:      layout_basic, tgw_trog, lemuel_round_altar, overflow_temple_1_default,
          minmay_temple_entry_mini_moons, serial_shops,
          nicolae_shop_temple_entry_statues_fountains, shop_coins,
          uniq_crazy_yiuf_cottage
D:8:      minmay_diamond_stairs, layout_basic, lemuel_crystal_altar,
          marbit_many_paths
Temple:   cyrus_temple_forest

Skill      XL: |  1  2  3  4  5  6  7  8  9 |
---------------+----------------------------+-----
Conjurations   | 1 2 3 4 5 |  5.4
Fighting       | 1 2 3 4 5 6 7 8 |  8.3
Dodging        | 2 |  2.0
Spellcasting   | 4 5 6 7 8 |  8.0
Summonings     | 1 2 |  2.0
Translocations | 1 2 |  2.0
Stealth        | 2 |  2.0
Axes           | 1 2 4 5 |  5.1
Evocations     | 1 3 |  3.1
Invocations    | |  0.5

Action                   |  1- 3 |  4- 6 |  7- 9 || total
-------------------------+-------+-------+-------++-------
Melee: Dagger            |    27 |    11 |       ||    38
       Whip              |       |    28 |       ||    28
       Spear             |       |    28 |       ||    28
       Broad axe         |       |    42 |   124 ||   166
       Glaive            |       |       |    56 ||    56
Throw: Stone             |       |     1 |       ||     1
 Cast: Magic Dart        |    67 |   233 |   274 ||   574
       Call Imp          |     4 |     8 |   115 ||   127
       Conjure Flame     |       |     5 |     5 ||    10
       Blink             |       |       |     2 ||     2
Evoke: Wand              |       |       |     2 ||     2
  Use: Potion            |       |     1 |     4 ||     5
       Scroll            |       |     1 |     8 ||     9
  Eat: Chunk             |     3 |     9 |    16 ||    28
       Ration            |       |       |     3 ||     3
Armor: Robe              |     8 |    44 |   144 ||   196
       Animal skin       |       |       |     4 ||     4
Dodge: Dodged            |    19 |    84 |   134 ||   237
Block: Other             |    10 |    34 |    50 ||    94
       Reflection        |       |     2 |     4 ||     6

Table legend:
 A = Non-vault XP
 B = Vault XP
 C = Vault XP percentage of total XP
 D = Non-vault monster count
 E = Vault monster count
 F = Vault count percentage of total count
                 A         B        C        D         E       F
            +---------+---------+-------+---------+---------+-------
      Total |    3665 |     666 |  15.4 |     197 |      12 |   5.7
            +---------+---------+-------+---------+---------+-------
        D:1 |      50 |       4 |   7.4 |      21 |       3 |  12.5
        D:2 |      89 |      39 |  30.5 |      24 |       6 |  20.0
        D:3 |     215 |       0 |   0.0 |      32 |       0 |   0.0
        D:4 |     561 |     364 |  39.4 |      37 |       1 |   2.6
        D:5 |     665 |       0 |   0.0 |      17 |       0 |   0.0
        D:6 |     883 |     211 |  19.3 |      27 |       1 |   3.6
        D:7 |    1005 |       0 |   0.0 |      34 |       0 |   0.0
        D:8 |     197 |      48 |  19.6 |       5 |       1 |  16.7
            +---------+---------+-------+---------+---------+-------
